Frizzbo, neutral female gnomish Wizard ----- --- --- .... . .| ----- |...-------- .-------- -.| +...| |...|.+.|.(|------.|..|(((| +.| |.<.| |...|+.+|..|.....|.|..|.((| |.|# #-...| |...|.+.||-|.._..|.-|-|@..|---..# #|...| |...-|---..|.....|....-[---....|# #----- |[.........|.....|......Ga.....|# ### |........{.--|----.{...a%f..G..|# # |...............@..............|# # |...-|---....M@.....-+--|---...|# # ....|..(|-------.---| |.%.|...|# # |...|.((| |%%.-.-..| |.*.|...|# # |...|((.| |%%.|.|..| |..[|...|### --------# |...----- -----.---- -----...|# # |.......# |... ... ...| ##.......| ----- ----- ----- -------- Frizzbo the Thaumaturge Experience level: 8 Strength: 13 Dexterity: 13 Constitution: 15 Intelligence: 18 Wisdom: 18 Charisma: 9 Health: 0(47) Energy: 139(143) Def: 6 Gold: 62 Moves: 10371 Dungeon seed: Fq1ADLI3mL9uWVbq Game ID: Frizzbo_1467131919 Your Inventory: Coins $ - 62 gold pieces Amulets H - an uncursed amulet of flying (being worn) W - an uncursed amulet of reflection Weapons f - an uncursed +2 aklys (weapon in hand) Armor z - an uncursed +0 pair of high boots (being worn) G - an uncursed +0 cloak of magic resistance (being worn) J - a blessed +2 helmet (being worn) Comestibles b - an uncursed cram ration r - 2 uncursed lembas wafers w - an uncursed tin of green mold x - 3 uncursed tripe rations B - 3 uncursed food rations S - an uncursed sprig of wolfsbane V - an uncursed lichen corpse Scrolls d - 4 uncursed scrolls of blank paper g - a blessed scroll of blank paper j - an uncursed scroll of magic mapping k - a cursed scroll of confuse monster l - 2 uncursed scrolls of earth p - 2 uncursed scrolls of teleportation q - an uncursed scroll of taming A - an uncursed scroll of scare monster C - an uncursed scroll of identify Potions o - 2 uncursed potions of water u - a blessed potion of paralysis v - a blessed potion of sickness D - an uncursed potion of see invisible E - a blessed potion of restore ability I - an uncursed potion of blindness L - a cursed potion of gain energy O - an uncursed potion of healing R - an uncursed potion of object detection X - 2 uncursed potions of gain energy Rings c - an uncursed ring of regeneration s - an uncursed ring of conflict t - an uncursed +1 ring of adornment y - an uncursed ring of polymorph control F - an uncursed ring of protection from shape changers P - an uncursed ring of cold resistance Wands i - an uncursed wand of striking (0:6) m - an uncursed wand of digging (0:7) n - an uncursed wand of enlightenment (0:10) M - an uncursed wand of digging (0:5) T - an uncursed wand of striking (0:5) U - an uncursed wand of secret door detection (0:10) Z - an uncursed wand of fire (0:6) Tools a - a blessed magic lamp e - an uncursed +0 unicorn horn h - an uncursed expensive camera (0:84) K - an uncursed tin opener Q - an uncursed +0 unicorn horn Y - an uncursed stethoscope Gems N - an uncursed aquamarine stone Spells and supernatural/magical abilities: Name Level Category Fail Memory a - force bolt 1 attack 0% 49% h - healing 1 healing 0% 90% m - magic missile 2 attack 0% 70% I - identify 3 divination 1% 49% W - pray for help -- divine ? -- Your skills at the end: Miscellaneous Skills wands [Basic] Weapon Skills club [Basic] quarterstaff [Basic] crossbow [Basic] Spellcasting Skills attack spells [Basic] divination spells [Basic] enchantment spells [Basic] Final Attributes: You were devoutly aligned. You were poison resistant. You were magic-protected. You were telepathic. You had infravision. You could fly. You are dead. Vanquished creatures: a giant beetle 2 leprechauns a spotted jelly 2 dwarf mummies 2 dogs 2 white unicorns a raven a gnome mummy 2 fire ants 2 imps 2 wood nymphs 8 Uruk-hai a rock piercer 2 ponies a fog cloud a yellow light 2 shriekers a gnome lord a kobold mummy a red naga hatchling a guardian naga hatchling 3 gray oozes 2 elf zombies a ghoul a straw golem 2 paper golems 2 little dogs 7 floating eyes a dwarf a kobold lord a kobold shaman 3 iguanas 9 hill orcs 3 rothes 2 rabid rats a giant bat 6 orc zombies 2 wererats 3 werejackals 4 killer bees 2 coyotes 6 gas spores 8 hobbits 3 acid blobs 3 large kobolds 6 geckos 2 hobgoblins 6 giant rats a cave spider 6 yellow molds 4 green molds 6 red molds a gnome 4 gnome zombies 9 jackals a fox 7 kobolds 7 newts 7 goblins 4 sewer rats 12 grid bugs 5 bats 7 lichens 3 kobold zombies 211 creatures vanquished. Genocided species: small mimics large mimics giant mimics 3 species genocided. Voluntary challenges: You had been an atheist until turn 2946. You used a wielded weapon 133 times, starting on turn 48. You did not apply a unicorn horn. You read items or engraved 8 times, starting on turn 910. You genocided 3 types of monsters, starting on turn 3313. You never polymorphed an object. You never changed form. You completed Sokoban on turn 7387, according to the rules. You used no wishes. You never split a pudding. You never wrote Elbereth's name. You never violated your personal moral code. Dungeon overview: The Dungeons of Doom: levels 1 to 7 Level 1 some fountains a long staircase Level 2 a general store, a fountain stairs to The Gnomish Mines Level 3 a general store Level 4 Level 5 Level 6 many fountains Level 7 stairs to Sokoban The Gnomish Mines: levels 3 to 5 Level 3 stairs to The Dungeons of Doom Level 4 Level 5 <- You were here many shops, a temple to Ptah, a magic chest, some fountains Sokoban: levels 3 to 6 Level 3 a magic chest Level 4 Level 5 Level 6 a magic chest stairs to The Dungeons of Doom History has recorded: On T:1 you entered the Dungeons of Doom to retrieve the Amulet of Yendor! On T:548 you advanced to experience level 2. On T:583 you reached level 2 of The Dungeons of Doom. On T:1253 you advanced to experience level 3. On T:1388 you reached level 3 of The Dungeons of Doom. On T:2037 you advanced to experience level 4. On T:2247 you reached level 4 of The Dungeons of Doom. On T:2690 you reached level 5 of The Dungeons of Doom. On T:3136 you reached level 6 of The Dungeons of Doom. On T:3218 you advanced to experience level 5. On T:3284 you advanced to experience level 6. On T:3285 you received advice from The Oracle. On T:3285 you advanced to experience level 7. On T:3784 you reached level 7 of The Dungeons of Doom. On T:4108 you reached level 4 of Sokoban. On T:4270 you opened a magic chest. On T:4275 you opened a magic chest. On T:4280 you opened a magic chest. On T:4586 you reached level 3 of Sokoban. On T:5119 you reached level 2 of Sokoban. On T:6281 you reached level 1 of Sokoban. On T:7387 you advanced to experience level 8. On T:7387 you entered the Sokoban zoo. On T:7468 you opened a magic chest. On T:8511 you reached level 1 of The Gnomish Mines. On T:8838 you reached level 2 of The Gnomish Mines. On T:9641 you reached level 3 of The Gnomish Mines. On T:9754 you entered the Minetown temple On T:9781 you opened a magic chest. On T:9782 you opened a magic chest. On T:9782 you opened a magic chest. Score breakdown: Gold: 62 ( 6 points) Experience: 8 levels ( 700 points) Exploration: 7 levels ( 180 points) Discoveries: 64 items ( 2000 points) Variety of kills: 64 monsters ( 2000 points) Major goal: finished Sokoban ( 1000 points) Survival: died (score multiplied by 3) Total score: 17658 Latest messages: a tallow candle, price 13 zorkmids. Izchak says that he has noticed those who serve their deity will prosper. You stop. Taco is in the way! (2x) Taco picks up a dwarf corpse. $ - 18 gold pieces. There is an open door here. You see here a mummy wrapping. Taco drops a dwarf corpse. T - a wand of striking. Taco misses the soldier ant. The soldier ant bites! The soldier ant stings! You hit the soldier ant! The soldier ant bites! The soldier ant stings! Taco misses the soldier ant. You hit the soldier ant! The soldier ant bites! The soldier ant just misses! The soldier ant bites! The soldier ant just misses! Taco misses the soldier ant. The soldier ant bites! The soldier ant stings! You die... Izchak looks at your corpse, shakes his head, and sighs. Final status: Goodbye Frizzbo the Wizard, killed by a soldier ant... You died in The Gnomish Mines on dungeon level 5 with 17658 points, and 62 pieces of gold, after 10371 moves. You were level 8 with a maximum of 47 hit points when you died.